 Seeded DCSS version 0.30.1-9-gdf580d7c3d (webtiles) character file.

Game seed: 7229806256980976716 (custom seed)

113803 Psyclone the Eclecticist (level 16, -15/144 HPs)
             Began as a Deep Elf Venom Mage on Oct 4, 2023.
             Was an Initiate of Gozag.
             Demolished by a white very ugly thing (24 damage)
             ... in an ice cave on Oct 5, 2023.
             The game lasted 02:44:41 (34640 turns).

Psyclone the Eclecticist (Deep Elf Venom Mage)     Turns: 34640, Time: 02:44:41

Health: -15/144    AC: 31    Str:  5    XL:     16   Next: 14%
Magic:  20/43      EV:  2    Int: 34    God:    Gozag
Gold:   1123       SH:  5    Dex: 15    Spells: 1/51 levels left

rFire   + . .        a - +3 Elemental Staff {rElec rF+ rC+ AC+3}
rCold   + . .        M - +0 buckler
rNeg    . . .        c - melded +0 robe of the King of the Hill {rC+ Int+3 SInv}
rPois   +            d - melded +1 hat "Geale" {rF++ rN+ rCorr MP+9}
rElec   +            e - melded +1 cloak
rCorr   .            f - melded +1 pair of gloves
SInv    +            g - melded +2 pair of boots
Will    +....        h - amulet of the acrobat
Stlth   ++           i - ring of Gocsenn {Wiz Contam rPois Int+5 SInv}
HPRegen 0.44/turn    Z - ring of wizardry
MPRegen 0.28/turn

%: acrobat, wizardry (x2)
@: tree-form (expiring), gold aura, hasted, invisible, very quick
A: stationary, stasis, torment immunity, boosted hp, high MP 1, wild magic 1,
MP-powered wands
a: Renounce Religion, Potion Petition, Call Merchant, Bribe Branch


You were in an ice cave.
You worshipped Gozag.
Gozag was most pleased with you.
You were a tree.
You visited 4 branches of the dungeon, and saw 23 of its levels.
You also visited: Trove, Ossuary, Bailey and Ice Cave.

You collected 9204 gold pieces.
You spent 3044 gold pieces at shops.
You paid 5037 gold pieces to Gozag.

Inventory:

Hand Weapons
 a - the +3 Elemental Staff (weapon) {rElec rF+ rC+ AC+3}
   (You acquired it on level 1 of the Dungeon)

   It enhances your fire, ice, earth and air magic.
   AC:        It affects your AC (+3).
   rF:        It protects you from fire.
   rC:        It protects you from cold.
   rElec:     It insulates you from electricity.
Armour
 c - the +0 robe of the King of the Hill (melded) {rC+ Int+3 SInv}
   (You found it on level 13 of the Dungeon)

   Int:       It affects your intelligence (+3).
   rC:        It protects you from cold.
   SInv:      It lets you see invisible.
 d - the +1 hat "Geale" (melded) {rF++ rN+ rCorr MP+9}
   (You acquired it on level 1 of the Dungeon)

   rF:        It greatly protects you from fire.
   rN:        It protects you from negative energy.
   MP:        It affects your magic capacity (+9).
   rCorr:     It protects you from acid and corrosion.
 e - a +1 cloak (melded)
 f - a +1 pair of gloves (melded)
 g - a +2 pair of boots (melded)
 M - a +0 buckler (worn)
Jewellery
 h - an amulet of the acrobat (around neck)
 i - the ring of Gocsenn (left branch) {Wiz Contam rPois Int+5 SInv}
   (You acquired it on level 1 of the Dungeon)

   [ring of wizardry]

   It improves your spell success rate.
   Int:       It affects your intelligence (+5).
   rPois:     It protects you from poison.
   SInv:      It lets you see invisible.
   Contam:    It causes magical contamination when unequipped.
 Z - a ring of wizardry (right branch)
Wands
 H - a wand of acid (5)
 J - a wand of charming (27)
 Q - a wand of digging (4)
 T - a wand of iceblast (19)
 U - a wand of mindburst (6)
 W - a wand of flame (12)
Scrolls
 l - 9 scrolls of teleportation
 r - 4 scrolls of poison
 t - 4 scrolls of brand weapon
 w - 13 scrolls of vulnerability
 x - 3 scrolls of fog
 A - 5 scrolls of silence {!r}
 D - 6 scrolls of magic mapping
 G - 3 scrolls of fear
 K - 6 scrolls of immolation
 L - 6 scrolls of enchant weapon
 R - 3 scrolls of blinking
 S - 8 scrolls of amnesia
 X - a scroll of butterflies
Potions
 k - 8 potions of might
 m - 6 potions of brilliance
 n - a potion of invisibility
 o - 7 potions of curing
 p - 5 potions of mutation
 s - 2 potions of cancellation
 u - 3 potions of lignification
 z - 3 potions of berserk rage
 B - 2 potions of ambrosia
 E - 3 potions of flight
 F - 3 potions of haste
 I - 2 potions of resistance


   Skills:
 - Level 9.0 Fighting
 - Level 9.0 Dodging
 - Level 2.4 Stealth
 - Level 4.0 Shields
 - Level 18.0 Spellcasting
 - Level 15.0 Conjurations
 - Level 4.0 Necromancy
 + Level 8.2 Transmutations
 - Level 9.0 Fire Magic
 - Level 9.0 Ice Magic
 - Level 9.0 Air Magic
 - Level 9.0 Poison Magic


You had one spell level left.
You knew the following spells:

 Your Spells              Type           Power      Damage    Failure   Level
a - Poisonous Vapours     Pois/Air       100%       N/A       1%          2
b - Dispel Undead         Necr           66%        3d23      1%          4
c - Irradiate             Conj/Tmut      48%        3d27      1%          5
d - Mephitic Cloud        Conj/Pois/Air  100%       N/A       1%          3
e - Iskenderun's Mystic   Conj/Tloc      82%        2d16      1%          4
f - Freezing Cloud        Conj/Ice/Air   71%        6-21      1%          5
g - Orb of Destruction    Conj           53%        9d13      1%          7
h - Arcjolt               Conj/Air       60%        1d70      1%          5
q - Blink                 Tloc           78%        N/A       1%          2
r - Swiftness             Air            100%       N/A       1%          3
s - Ignite Poison         Fire/Tmut/Pois 100%       N/A       1%          3
v - Sting                 Tmut/Pois      100%       1d8       1%          1
x - Olgreb's Toxic Radia  Pois           87%        N/A       1%          4
y - Cigotuvi's Dreadful   Necr/Pois/Air  100%       N/A       1%          2

Your spell library contained the following spells:

 Spells                   Type           Power      Damage    Failure   Level
 Kiss of Death            Conj/Necr      100%       2d13      1%          1
 Necrotise                Necr           100%       1d9       1%          1
 Shock                    Conj/Air       100%       1d9       1%          1
 Summon Small Mammal      Summ           100%       N/A       1%          1
 Ensorcelled Hibernation  Hex/Ice        100%       N/A       1%          2
 Lesser Beckoning         Tloc           78%        N/A       1%          2
 Momentum Strike          Conj/Tloc      100%       3d10      1%          2
 Passwall                 Tmut/Erth      70%        N/A       1%          2
 Sublimation of Blood     Necr           66%        N/A       1%          2
 Dazzling Flash           Conj/Hex       100%       N/A       1%          3
 Inner Flame              Hex/Fire       87%        N/A       1%          3
 Volatile Blastmotes      Fire/Tloc      100%       2d18      1%          3
 Flame Wave               Conj/Fire      100%       2d21      1%          4
 Fulminant Prism          Conj/Hex       41%        3d19      1%          4
 Petrify                  Tmut/Erth      85%        N/A       1%          4
 Sticky Flame             Conj/Fire      100%       2d11      1%          4
 Blade Hands              Tmut           42%        N/A       1%          5
 Call Canine Familiar     Summ           39%        N/A       2%          3
 Confusing Touch          Hex            39%        N/A       2%          3
 Summon Guardian Golem    Hex/Summ       39%        N/A       2%          3
 Metabolic Englaciation   Hex/Ice        43%        N/A       3%          5
 Silence                  Hex/Air        43%        N/A       3%          5
 Eringya's Noxious Bog    Tmut/Pois      43%        N/A       3%          6
 Agony                    Necr           66%        N/A       4%          5
 Lee's Rapid Deconstruct  Erth           28%        3d15*     19%         5
 Summon Forest            Summ/Tloc      19%        N/A       19%         5
 Statue Form              Tmut/Erth      56%        N/A       19%         6
 Dragon Form              Tmut           42%        N/A       19%         7
 Death Channel            Necr           33%        N/A       21%         6
 Spellforged Servitor     Conj/Summ      41%        N/A       24%         7
 Summon Hydra             Summ           19%        N/A       98%         7
 Shatter                  Erth           28%        3d23*     100%        9


Dungeon Overview and Level Annotations

Branches:
Dungeon (15/15) Zot: 24257  Temple (0/1) D:4            Lair (5/5) D:11 Zot: 21661
  Swamp (1/4) Lair:2 Zot: 5744   Snake (0/4) Lair:3        Slime (0/5) Lair:4
    Orc (2/2) D:12 Zot: 9186     Elf (0/3) Orc:2        Vaults (0/5) D:13
 Depths (0/4) D:15        Ossuary (visited)          Bailey (visited)
  IceCv (1/1) Zot: 5975

Altars:
Elyvilon
Gozag
Okawaru
Qazlal
Trog
Uskayaw
Yredelemnul
Zin
The Shining One
Jiyva

Shops:
D:6 :   D:10 :   Orc:1 *   Orc:2 ***[[[!(?==   Lair:1 ::!*=

Annotations:
D:3 3 runed translucent doors, ShellytheWitch's ghost, amateur KoBr


Innate Abilities, Weirdness & Mutations

You are a tree.
Your roots penetrate the ground, keeping you stationary.
You cannot be teleported.
You are immune to unholy pain and torment.
Your maximum health is greatly increased.
Your equipment is partially melded.
You have an increased reservoir of magic. (+10% MP)
Your spells are a little harder to cast, but a little more powerful.
You expend magic power (3 MP) to strengthen your wands.


Message History

Unknown command.
You are confused.
You feel invigorated.
You regained 2 hp, and now have 33/144 hp.
You regained 3 mp, and now have 3/43 mp.
The white very ugly thing gores you but does no damage.
You regained 4 hp, and now have 37/144 hp.
You regained 4 mp, and now have 7/43 mp.
The white very ugly thing barely misses you.
You regained 3 hp, and now have 40/144 hp.
You regained 4 mp, and now have 11/43 mp.
You regained 2 hp, and now have 42/144 hp.
You regained 3 mp, and now have 14/43 mp.
Your transformation is almost over.
The white very ugly thing gores you but does no damage.
You regained 4 hp, and now have 46/144 hp.
You regained 2 mp, and now have 16/43 mp.
The white very ugly thing gores you!
* * * LOW HITPOINT WARNING * * *
The white very ugly thing freezes you!! You resist.
* * * LOW HITPOINT WARNING * * *
You take 30 damage, and have 16/144 hp.
MASSIVE DAMAGE!!
You regained 3 mp, and now have 19/43 mp.
You're too confused to cast spells.
Unknown command.
You feel better.
You feel less invigorated.
You regained 10 hp, and now have 26/144 hp.
You regained 2 mp, and now have 21/43 mp.
Casting: Ignite Poison (safe; 1% risk of failure)
Confirm with . or Enter, or press ? or * to list all spells.
Aiming: Poisonous Vapours (safe; 1% risk of failure)
Press: ? - help, Dir - move target, f - white very ugly thing
Aim: a white very ugly thing (almost dead, unable to see you)
You feel a surge of power!
Poisonous vapours surround the white very ugly thing!
The white very ugly thing is poisoned.
The white very ugly thing gores you!
* * * LOW HITPOINT WARNING * * *
The white very ugly thing freezes you!! You resist.
You die...
Your body crumbles into a pile of gold.

#......(......#
#....8...8....#
#.............#
#...........#
#.......☼...#
#...$.°$○...#
#...$u$.§.#
#...♣...#
##..∩..##
#######


You could see a white very ugly thing (unable to see you, very poisoned).

Vanquished Creatures
  Kirke (Lair:4)
  Aizul (Swamp:1)
  An ironbound preserver (D:13)
  An orc warlord (Bailey)
  A stone giant (D:15)
  An eleionoma (Swamp:1)
  Josephine (D:15)
  8 hydras
  Erolcha (D:11)
  A ghost crab (Lair:2)
  An ogre mage (Orc:1)
  5 boulder beetles
  9 centaur warriors
  4 two-headed ogres
  9 death yaks (Lair:5)
  6 catoblepae
  5 alligators (Swamp:1)
  A death knight (D:15)
  2 tengu warriors (D:15)
  Urug (D:13)
  A skyshark (Lair:5)
  A goliath frog (Swamp:1)
  Lodul (D:11)
  A spriggan druid (Swamp:1)
  A swamp dragon (Lair:4)
  2 bog bodies (Swamp:1)
  2 orc knights
  A lindwurm (Lair:5)
  3 deep elf pyromancers
  3 cyclopes
  An oklob plant (Lair:5)
  13 ugly things
  A wizard (D:15)
  5 manticores
  Maurice (D:11)
  3 black mambas
  5 elephants (Lair:4)
  3 torpor snails
  2 gargoyles (D:10)
  10 cane toads
  A rime drake (Lair:2)
  An unseen horror (shapeshifter) (D:14)
  An efreet (D:15)
  An unseen horror (D:13)
  8 komodo dragons
  3 freezing wraiths (Swamp:1)
  2 tengu conjurers (D:15)
  3 trolls
  An anaconda simulacrum (IceCv)
  A polar bear (shapeshifter) (D:15)
  3 tyrant leeches
  2 polar bears (Lair:5)
  3 hornets (Orc:1)
  9 dream sheep (Lair:5)
  8 blink frogs
  4 shadows
  20 slime creatures
  2 vampires
  11 wraiths
  2 dire elephant simulacra (IceCv)
  8 spriggans (D:10)
  5 hogs (Lair:4)
  6 wyverns
  74 yaks
  6 basilisks
  4 humans
  A human (shapeshifter) (D:14)
  2 harpy simulacra (IceCv)
  12 vampire mosquitoes
  2 wargs
  3 nagas (Lair:3)
  2 acid dragons (D:10)
  13 water moccasins
  A floating eye (Orc:1)
  8 swamp worms
  3 swamp drakes
  3 black bears
  2 hornet zombies (Ossuary)
  54 orc warriors
  A spectral yak (Lair:2)
  2 ice beasts
  A sky beast (D:6)
  3 alligator simulacra (IceCv)
  13 ogres
  A spectral rime drake (Lair:2)
  9 wolves (Lair:1)
  20 centaurs
  A spectral basilisk (Lair:2)
  2 kobold brigands
  15 bullfrogs
  A gnoll sergeant (D:7)
  6 scorpions
  2 spectral water moccasins (Lair:2)
  2 wyvern zombies (Ossuary)
  2 water moccasin zombies (Ossuary)
  7 wights
  12 killer bees
  A howler monkey (D:6)
  8 electric eels
  3 bullfrog zombies (Ossuary)
  2 centaur zombies (Ossuary)
  A gnoll bouda (D:6)
  2 jellies
  18 orc priests
  3 hounds
  An iguana (D:6)
  2 sleepcaps
  17 orc wizards
  4 hell rats (Lair:5)
  3 killer bee zombies (Ossuary)
  16 mummies
  2 howler monkey zombies (Ossuary)
  14 gnolls
  9 adders
  2 shadow imps
  2 white imps (D:8)
  2 ufetubi
  3 worms
  87 orcs
  5 bats
  4 endoplasms
  6 giant cockroaches
  18 goblins
  15 hobgoblins
  20 jackals
  10 kobolds
  4 quokkas
  6 ball pythons
  A frilled lizard (D:1)
  A goblin zombie (D:4)
  An orc zombie (D:4)
  4 rats
812 creatures vanquished.

Notes
Turn   | Place    | Note
-------+----------+-------------------------------------------
     0 | D:1      | Psyclone the Deep Elf Venom Mage began the quest for the
                  | Orb.
     0 | D:1      | Reached XP level 1. HP: 10/10 MP: 6/6
    60 | D:1      | Identified 3 scrolls of acquirement
    60 | D:1      | Acquired the +3 Elemental Staff {rElec rF+ rC+ AC+3}
    60 | D:1      | Found the +3 Elemental Staff {rElec rF+ rC+ AC+3}
   539 | D:1      | Acquired the +1 hat "Geale" {rF++ rN+ rCorr MP+9}
   558 | D:1      | Acquired the ring of Gocsenn {Wiz Contam rPois Int+5 SInv}
   736 | D:1      | Gained mutation: You expend magic power (3 MP) to
                  | strengthen your wands. [potion of mutation]
   736 | D:1      | Gained mutation: You have an increased reservoir of magic.
                  | (+10% MP) [potion of mutation]
   736 | D:1      | Gained mutation: Your spells are a little harder to cast,
                  | but a little more powerful. [potion of mutation]
   864 | D:1      | Reached skill level 1 in Necromancy
  1114 | D:1      | Reached XP level 2. HP: 15/15 MP: 8/8
  1538 | D:1      | Learned a level 2 spell: Poisonous Vapours
  1742 | D:2      | Reached XP level 3. HP: 19/19 MP: 5/10
  2222 | D:2      | Reached XP level 4. HP: 23/24 MP: 12/12
  2515 | D:2      | Learned a level 3 spell: Mephitic Cloud
  2520 | D:2      | Learned a level 4 spell: Olgreb's Toxic Radiance
  2648 | D:2      | Reached skill level 4 in Spellcasting
  2697 | D:2      | Reached skill level 5 in Spellcasting
  3067 | D:3      | Learned a level 2 spell: Cigotuvi's Dreadful Rot
  3253 | D:3      | Reached XP level 5. HP: 28/28 MP: 16/16
  3339 | D:3      | Found a glowing silver altar of Zin.
  3420 | D:3      | Found a runed translucent gate.
  3420 | D:3      | Found a runed translucent gate.
  3421 | D:3      | Found a runed translucent gate.
  3425 | D:3      | Noticed ShellytheWitch's ghost (amateur KoBr)
  3572 | D:4      | Reached skill level 6 in Spellcasting
  3697 | D:4      | Found a white marble altar of Elyvilon.
  3737 | D:4      | Found a glowing golden altar of the Shining One.
  3914 | D:4      | Learned a level 4 spell: Dispel Undead
  3929 | D:4      | Reached skill level 7 in Spellcasting
  3936 | D:4      | Found a sand-covered staircase.
  3938 | D:4      | Reached XP level 6. HP: 28/32 MP: 19/19
  3973 | Ossuary  | Entered an ossuary
  4178 | Ossuary  | Reached skill level 8 in Spellcasting
  4451 | Ossuary  | Reached skill level 5 in Poison Magic
  4451 | Ossuary  | Reached XP level 7. HP: 36/36 MP: 22/22
  5034 | Ossuary  | Reached XP level 8. HP: 41/41 MP: 24/24
  5111 | Ossuary  | Reached skill level 1 in Fighting
  5414 | D:5      | Entered Level 5 of the Dungeon
  5517 | D:6      | Found Xixtot's Book Boutique.
  5538 | D:7      | Found a flagged portal.
  5551 | Bailey   | Entered a bailey
  5671 | Bailey   | Reached skill level 5 in Fighting
  5855 | Bailey   | Reached XP level 9. HP: 47/55 MP: 25/25
  6123 | Bailey   | Noticed an orc warlord
  6176 | Bailey   | Noticed an orc knight
  6182 | Bailey   | Killed an orc warlord
  6200 | Bailey   | Killed an orc knight
  6201 | Bailey   | Reached skill level 9 in Spellcasting
  6204 | Bailey   | Identified the +0 chain mail of Saogadd {rC+ rN+++ Str+2
                  | Int-2}
  6219 | Bailey   | Reached skill level 5 in Dodging
  6704 | D:4      | Found a staircase to the Ecumenical Temple.
  6745 | D:4      | Reached XP level 10. HP: 64/64 MP: 27/27
  6757 | D:4      | Reached XP level 11. HP: 68/68 MP: 28/28
  6764 | D:4      | Learned a level 5 spell: Freezing Cloud
  6775 | D:4      | Found a stormy altar of Qazlal.
  7524 | D:10     | Entered Level 10 of the Dungeon
  7531 | D:10     | Found an opulent altar of Gozag.
  7531 | D:10     | Noticed a two-headed ogre
  7550 | D:10     | Killed a two-headed ogre
  7554 | D:10     | Reached skill level 10 in Spellcasting
  7700 | D:10     | Became a worshipper of Gozag Ym Sagoz the Greedy
  8844 | D:10     | Found Ycypaut's Book Shoppe.
  8856 | D:10     | Bought a Trismegistus Codex for 338 gold pieces
  9064 | D:6      | Learned a level 3 spell: Ignite Poison
  9303 | D:6      | Reached skill level 11 in Spellcasting
 10073 | D:7      | Identified the +8 trident "Idaugra" {freeze, Stlth+}
 11348 | D:8      | Reached skill level 12 in Spellcasting
 11961 | D:8      | Reached skill level 1 in Fire Magic
 12608 | D:9      | Noticed a two-headed ogre
 12616 | D:9      | Killed a two-headed ogre
 12995 | D:9      | Found a bloodstained altar of Trog.
 13226 | D:9      | Identified the +7 battleaxe of Sustre {heavy, Str+5}
 13398 | D:10     | Reached XP level 12. HP: 35/74 MP: 32/32
 14958 | D:11     | Noticed a boulder beetle
 14964 | D:11     | Killed a boulder beetle
 14965 | D:11     | Reached skill level 5 in Fire Magic
 14970 | D:11     | Noticed Lodul
 14974 | D:11     | Killed Lodul
 15012 | D:11     | Found a staircase to the Lair.
 15182 | D:11     | Noticed Maurice
 15185 | D:11     | Killed Maurice
 15235 | D:11     | Noticed Erolcha
 15238 | D:11     | Killed Erolcha
 15418 | D:12     | Noticed a two-headed ogre
 15424 | D:12     | Killed a two-headed ogre
 15597 | D:12     | Noticed a two-headed ogre
 15599 | D:12     | Killed a two-headed ogre
 15606 | D:12     | Reached XP level 13. HP: 65/80 MP: 28/33
 15743 | D:12     | Reached skill level 1 in Conjurations
 15800 | D:12     | Learned a level 3 spell: Swiftness
 16100 | D:12     | Found an iron altar of Okawaru.
 16497 | D:12     | Reached skill level 5 in Conjurations
 16544 | D:12     | Found a portal to a secret trove of treasure.
 16804 | D:12     | Found a staircase to the Orcish Mines.
 17153 | Orc:1    | Entered Level 1 of the Orcish Mines
 17390 | Orc:2    | Entered Level 2 of the Orcish Mines
 17390 | Orc:2    | Found Cuownes's Magic Scroll Shoppe.
 17566 | Orc:2    | Found Benloydgh's Jewellery Boutique.
 17661 | Orc:2    | Found Voallin's Antique Weapon Boutique.
 17682 | Orc:2    | Found a staircase to the Elven Halls.
 18267 | Orc:1    | Found Yfont's Overcharged Wands.
 18528 | Orc:2    | Reached skill level 13 in Spellcasting
 18718 | Orc:2    | Found Eshryuthy's General Store.
 18722 | Orc:2    | Found Tygilis's General Store.
 18737 | Orc:2    | Found Cefigh's Specific Store.
 19095 | Orc:2    | Found Qacsuasuka's Antique Armour Shop.
 19095 | Orc:2    | Found Toije's Antique Armour Shoppe.
 19099 | Orc:2    | Found Ulefeotz's Distillery.
 19102 | Orc:2    | Found Salolel's Antique Armour Boutique.
 19112 | Orc:2    | Bought a potion of heal wounds for 65 gold pieces
 19235 | Orc:2    | Found Ozaus's Jewellery Shoppe.
 19477 | Lair:1   | Entered Level 1 of the Lair of Beasts
 19519 | D:10     | Bought a book of Spatial Translocations for 234 gold pieces
 19519 | D:10     | Bought a book of Transfigurations for 520 gold pieces
 19519 | D:10     | Bought a book of Blasting for 520 gold pieces
 19519 | D:10     | Bought Vung's Precepts of Evil and Clay for 572 gold pieces
 19524 | D:10     | Learned a level 2 spell: Blink
 19530 | D:10     | Learned a level 5 spell: Irradiate
 19567 | Lair:1   | Bought a book of Dangerous Friends for 600 gold pieces
 20604 | Lair:2   | Reached skill level 14 in Spellcasting
 20940 | Lair:2   | Reached XP level 14. HP: 86/86 MP: 32/37
 21094 | Lair:2   | Learned a level 7 spell: Orb of Destruction
 21722 | Lair:2   | Found a staircase to the Swamp.
 22276 | Lair:1   | Bought 2 potions of heal wounds for 130 gold pieces
 22276 | Lair:1   | Bought a potion of heal wounds for 65 gold pieces
 22590 | Lair:3   | Reached skill level 10 in Conjurations
 22679 | Lair:3   | Found a staircase to the Snake Pit.
 22915 | Lair:3   | Reached skill level 15 in Spellcasting
 23740 | Lair:4   | Found a staircase to the Slime Pits.
 23740 | Lair:4   | Found a viscous altar of Jiyva.
 24175 | Lair:4   | Noticed Kirke
 24186 | Lair:4   | Killed Kirke
 25188 | Lair:5   | Entered Level 5 of the Lair of Beasts
 25195 | Lair:5   | Reached skill level 16 in Spellcasting
 25468 | Lair:5   | Learned a level 4 spell: Iskenderun's Mystic Blast
 25741 | Lair:5   | Reached skill level 17 in Spellcasting
 26345 | Lair:5   | Reached skill level 18 in Spellcasting
 26585 | Lair:5   | Reached XP level 15. HP: 90/90 MP: 27/42
 27116 | Lair:5   | Got the Compilation of Entrancing Wounds
 27123 | Lair:5   | Learned a level 5 spell: Arcjolt
 28031 | D:13     | Identified the +0 robe of the King of the Hill {rC+ Int+3
                  | SInv}
 28402 | D:12     | You paid a toll of 13 potions of heal wounds to enter a
                  | treasure trove
 28403 | Trove    | Entered a treasure trove
 28463 | Trove    | Identified the amulet of Isocsys {RegenMP Rampage +Inv}
 28480 | Trove    | Identified the amulet "Zaitiod" {RegenMP rPois Dex+2}
 28482 | Trove    | Identified the amulet of Iclenwy {Spirit Regen+}
 28491 | Trove    | Identified the ring "Zemp" {Drain +Blink rC+ rN+ SInv}
 28494 | Trove    | Identified the ring "Yvvoh" {rPois Dex+3}
 28497 | Trove    | Identified the ring "Nagirasy" {Fire Will++}
 29247 | D:13     | Noticed Urug
 29250 | D:13     | Killed Urug
 29685 | D:13     | Found a gate to the Vaults.
 30646 | D:14     | Found a hide-covered altar of Uskayaw.
 30801 | D:14     | Reached skill level 15 in Conjurations
 30819 | D:14     | Found a basalt altar of Yredelemnul.
 30946 | D:14     | Acquired 775 gold pieces
 31203 | D:14     | You fall into a shaft and drop 1 floor!
 31203 | D:15     | Entered Level 15 of the Dungeon
 32039 | D:15     | Identified the +4 rapier of the Bouncing Spines {flame,
                  | Will+ Int+4}
 32131 | D:15     | Reached skill level 1 in Shields
 33049 | D:15     | Noticed Josephine
 33051 | D:15     | Killed Josephine
 33057 | D:15     | Reached skill level 5 in Transmutations
 33788 | D:15     | Found a staircase to the Depths.
 34005 | Swamp:1  | Entered Level 1 of the Swamp
 34267 | Swamp:1  | Identified the staff of fire "Unakant" {rF+ Dex+2}
 34273 | Swamp:1  | Reached XP level 16. HP: 96/96 MP: 32/43
 34313 | Swamp:1  | Noticed Aizul
 34327 | Swamp:1  | Killed Aizul
 34580 | Swamp:1  | Found a frozen archway.
 34608 | IceCv    | Entered an ice cave
 34610 | IceCv    | HP: 4/96 [harpy simulacrum (3)]
 34640 | IceCv    | Demolished by a white very ugly thing

Illustrated notes

Levels and vault maps discovered:
D:1:      spicycebolla_arrival_ecumenical, layout_loops_ring
D:2:      layout_basic
D:3:      layout_rooms, mainiacjoe_overflow_paths, gammafunk_ghost_necromancy
D:4:      layout_rooms, tso_metal_star, mainiacjoe_overflow_catwalk,
          elyvilon_altar_5, minmay_temple_entry_stoned_glass,
          nicolae_ossuary_entry_giza, minmay_misc_feat_square, minivault_4
D:5:      layout_basic
D:6:      kennysheep_six_static_rooms, layout_basic, serial_shops,
          nicolae_shop_stone, serial_bayou_lagoon_b
D:7:      layout_basic, enter_bailey_2
D:8:      minmay_recursive_quarters, layout_layer_cave
D:9:      layout_gridville, trog_book
D:10:     kb_forest_paths, layout_basic,
          nicolae_gozag_cash_rules_everything_around_me, serial_shops, shop,
          minmay_tree_intersection, kennysheep_path_1
D:11:     layout_loops_ring, grunt_lair_entry_orc_guard_hut, uniq_lodul,
          uniq_erolcha, uniq_maurice
D:12:     layout_roguey, erik_orc_3, nicolae_trove_entry_diagonal,
          okawaru_humans
D:13:     layout_roguey, skrybe_vaults_entry_preservation, uniq_urug
D:14:     layout_basic, yredelemnul_altar_generic,
          nicolae_uskayaw_murder_on_the_dancefloor
D:15:     grunt_enter_depths_snipers, layout_irregular_city, uniq_josephine
Lair:1:   layout_regular_city, grunt_megastairs_4
Lair:2:   layout_hall_layers, nicolae_swamp_entry_spooky,
          chequers_serial_rivers_large_a, disabler_island
Lair:3:   layout_roguey, minmay_snake_entry_guardpost_small, beast_lair_carwin_8
Lair:4:   onia_ninara_swampy_vault, layout_loops_ring, slime_entry_1,
          st_stairs_8, uniq_kirke
Lair:5:   evilmike_catoblepas_cave, layout_regular_city, lemuel_fruit_tree,
          grunt_megastairs_3
Swamp:1:  layout_falls_marsh, portal_ice_cave_entry_frozen_things,
          serial_swamp_ruin, evilmike_swamp_ruin_house_3,
          evilmike_swamp_ruin_house_6, infiniplex_staircase_pool_2, uniq_aizul
Orc:1:    hellmonk_paralyzer, layout_caves, nicolae_shop_overcharged_wands
Orc:2:    st_orc_rangers, layout_caves, serial_shops, shop, shop,
          nicolae_shop_behind_doors, nicolae_shop_pleasant_corner_grove,
          nicolae_shop_tiny_waterfront, nicolae_specific_store
IceCv:    ice_cave_statue_garden_transporter

Skill      XL: |  1  2  3  4  5  6  7  8  9 10 11 12 13 14 15 16 |
---------------+-------------------------------------------------+-----
Necromancy     | 2 3 4 |  4.0
Spellcasting   | 5 7 8 9 12 14 18 | 18.0
Poison Magic   | 5 8 9 |  9.0
Fighting       | 5 8 9 |  9.0
Dodging        | 5 8 9 |  9.0
Ice Magic      | 7 8 9 |  9.0
Air Magic      | 7 9 |  9.0
Fire Magic     | 2 8 9 |  9.0
Conjurations   | 9 12 15 | 15.0
Transmutations | 6 8 |  8.2
Shields        | 4 |  4.0
Stealth        | |  2.4

Action                     |  1- 3 |  4- 6 |  7- 9 | 10-12 | 13-15 | 16-18 || total
---------------------------+-------+-------+-------+-------+-------+-------++-------
  Melee: Staff             |    45 |    26 |    10 |    74 |    69 |     6 ||   230
         Punch             |     2 |       |       |     1 |     2 |       ||     5
   Cast: Sting             |    28 |     9 |       |     8 |       |       ||    45
         Poisonous Vapours |    26 |    36 |    41 |   109 |   218 |     8 ||   438
         Olgreb's Toxic Ra |       |     3 |    13 |    34 |    64 |     1 ||   115
         Dispel Undead     |       |    17 |    28 |    14 |    16 |       ||    75
         Cigotuvi's Dreadf |       |       |     3 |     2 |       |       ||     5
         Ignite Poison     |       |       |       |    68 |   180 |    11 ||   259
         Freezing Cloud    |       |       |       |    18 |    98 |     1 ||   117
         Mephitic Cloud    |       |       |       |     9 |     6 |     5 ||    20
         Blink             |       |       |       |       |     2 |     1 ||     3
         Irradiate         |       |       |       |       |    11 |     8 ||    19
         Orb of Destructio |       |       |       |       |     1 |     2 ||     3
         Swiftness         |       |       |       |       |     1 |       ||     1
         Iskenderun's Myst |       |       |       |       |     9 |     4 ||    13
 Invoke: Call Merchant     |       |       |       |       |     5 |       ||     5
  Evoke: Wand              |       |       |       |       |     1 |     3 ||     4
    Use: Scroll            |     3 |       |     2 |       |    29 |     3 ||    37
         Potion            |     1 |       |       |     1 |     2 |    17 ||    21
   Stab: Sleeping          |     3 |       |       |       |       |       ||     3
         Confused          |       |       |       |     3 |       |       ||     3
 Armour: Robe              |    25 |    11 |     9 |    16 |    41 |     6 ||   108
         Skin              |       |       |       |       |       |     8 ||     8
  Dodge: Dodged            |    37 |    27 |    25 |    78 |   167 |    20 ||   354
  Block: Buckler           |       |       |       |       |     6 |     6 ||    12
